 Dungeon Crawl Stone Soup version 0.29-a0-1043-g569b05d6ff (webtiles) character file.

Game seed: 1627744475598900025

2365 hquester1 the Shield-Bearer (level 9, -7/118 HPs)
             Began as a Minotaur Fighter on Aug 15, 2022.
             Mangled by an orc warrior
             ... wielding a +0 dire flail
              (17 damage)
             ... on level 6 of the Dungeon.
             The game lasted 00:16:47 (6372 turns).

hquester1 the Shield-Bearer (Minotaur Fighter)      Turns: 6372, Time: 00:16:47

Health: -7/118     AC: 11    Str: 24    XL:     9   Next: 21%
Magic:  8/8        EV:  8    Int:  5    God:
Gold:   396        SH:  0    Dex: 11    Spells: 8/8 levels left

rFire   . . .      SeeInvis .   a - +0 war axe
rCold   . . .      Faith    .   r - +2 kite shield
rNeg    . . .      Spirit   .   A - +0 chain mail
rPois   .          Reflect  +   (helmet restricted)
rElec   .          Harm     .   (no cloak)
rCorr   .          Rampage  .   u - +0 pair of gloves
Will    .....                   (no boots)
Stlth   ..........              e - amulet of reflection
HPRegen 0.29/turn               (no ring)
MPRegen 0.11/turn               (no ring)

@: confused, berserking, very quick
A: horns 2, retaliatory headbutt
a: no special abilities


You were on level 6 of the Dungeon.
You visited 1 branch of the dungeon, and saw 6 of its levels.

You collected 396 gold pieces.

Inventory:

Hand Weapons
 a - a +0 war axe (weapon)
 g - a +2 hand axe of draining
Armour
 b - a +0 scale mail
 r - a +2 kite shield (worn)
 u - a +0 pair of gloves (worn)
 A - a +0 chain mail (worn)
Jewellery
 e - an amulet of reflection (around neck)
 h - a ring of fire
 n - an amulet of faith
 w - a ring of ice
Wands
 v - a wand of light (8)
 x - a wand of polymorph (2)
Scrolls
 c - 2 scrolls of vulnerability
 f - a scroll of fear
 k - 2 scrolls of identify
 m - a scroll of immolation
 q - a scroll of amnesia
Potions
 d - 2 potions of might
 i - 2 potions of mutation
 j - 4 potions of lignification
 o - 2 potions of flight
 p - a potion of cancellation
 s - a potion of attraction {unknown}
 t - a potion of invisibility
 z - a potion of degeneration {unknown}
 B - a potion of ambrosia {unknown}
 C - a potion of curing {unknown}


   Skills:
 + Level 7.0 Fighting
 + Level 6.5 Axes
 + Level 7.0 Armour
 + Level 5.3 Dodging
 + Level 4.2 Stealth
 + Level 7.1 Shields


You had 8 spell levels left.
You didn't know any spells.
Your spell library contained the following spells:

 Spells                   Type           Power      Damage    Failure   Level
 Sandblast                Erth           0%         2d4       100%        1
 Passwall                 Tmut/Erth      0%         N/A       100%        2
 Stone Arrow              Conj/Erth      0%         3d7       100%        3
 Corpse Rot               Necr/Pois/Air  0%         N/A       100%        4
 Dispel Undead            Necr           0%         3d6       100%        4
 Alistair's Intoxication  Tmut/Pois      0%         N/A       100%        5
 Borgnjor's Vile Clutch   Necr/Erth      0%         N/A       100%        5
 Death Channel            Necr           0%         N/A       100%        6
 Eringya's Noxious Bog    Tmut/Pois      0%         N/A       100%        6


Dungeon Overview and Level Annotations

Branches:
Dungeon (6/15)
 Temple: D:4-7

Altars:
Elyvilon
Hepliaklqana
Nemelex Xobeh
Qazlal
Sif Muna
Trog
Wu Jian
Zin

Shops:
D:5 :


Innate Abilities, Weirdness & Mutations

You have a pair of horns on your head.
You reflexively headbutt those who attack you in melee.


Message History

You block the orc's attack.
You hit the orc warrior but do no damage.
You hit the orc but do no damage. You closely miss the orc wizard.
You block the orc warrior's attack. You block the orc's attack.
You block the orc wizard's attack.
You hit the orc warrior.
The orc warrior is lightly wounded.
You hit the orc. You barely miss the orc wizard.
The orc warrior hits you with a +0 dire flail!
You block the orc's attack.
The orc wizard hits you but does no damage.
You hit the orc warrior.
The orc warrior is moderately wounded.
You hit the orc but do no damage. You closely miss the orc wizard.
You block the orc warrior's attack. The orc hits you but does no damage.
The orc wizard barely misses you.
The orc warrior hits you with a +0 dire flail!
The orc wizard hits you with a +0 dagger.
You block the orc's attack.
You hit the orc warrior.
The orc warrior is heavily wounded.
You barely miss the orc wizard. You hit the orc.
You kill the orc!
The orc warrior hits you with a +0 dire flail!
* * * LOW HITPOINT WARNING * * *
The orc wizard points at you and mumbles some strange words.
You are confused.
The orc attacks as you move away! The orc hits you but does no damage.
The orc wizard mumbles some strange words.
The orc wizard flickers and vanishes!
Deactivating autopickup; reactivate with Ctrl-A.
The orc warrior barely misses you.
You miss the orc warrior. You headbutt the orc warrior.
The orc warrior is heavily wounded.
The orc warrior hits you with a +0 dire flail!
* * * LOW HITPOINT WARNING * * *
A red film seems to cover your vision as you go berserk!
You feel yourself moving faster!
You feel mighty!
The orc warrior hits you with a +0 dire flail!
You die...

#...#._ #...... #### ##########
#####†...## ...# .......#.###
#....#####. ...# .......#...#
#....'..... ...# ......)#...#
#....#..... ...# ......o'...#
#....#'#### ...# .......#o..#
#.......... ...# .......#@..#
#.......... ...# .......##'##
#..........
#########'#....#..#########......
..........#....#......#...#......
..........#....#......#...#<.....
..........#....#......#...#......
..........#....#......#...#......
..........#....#......#...#......
##..##..###....#'##..##...#......


You could see an orc warrior.

Vanquished Creatures
  A steam dragon (D:6)
  3 water moccasins
  2 ice beasts (D:5)
  A black bear (D:6)
  2 ogres (D:6)
  A phantom (D:4)
  3 necrophages
  A gnoll sergeant (D:5)
  3 scorpions (D:4)
  2 howler monkeys (D:5)
  2 jellies (D:5)
  5 hounds
  4 orc priests
  5 iguanas
  Ijyb (D:3)
  Natasha (thrice) (D:3)
  4 orc wizards (D:5)
  5 adders
  8 gnolls (D:5)
  A shadow imp (D:5)
  2 white imps
  An ufetubus (D:6)
  2 dart slugs
  A worm (D:5)
  13 orcs
  7 ball pythons
  5 bats
  8 endoplasms
  2 giant cockroaches (D:2)
  8 hobgoblins
  2 jackals (D:1)
  6 quokkas
  6 frilled lizards
  5 goblins
  4 kobolds
  4 rats
133 creatures vanquished.

Vanquished Creatures (others)
  An iguana (D:6)
  An orc wizard (D:5)
  An adder (D:6)
  11 plants (D:4)
14 creatures vanquished.

Grand Total: 147 creatures vanquished

Notes
Turn   | Place    | Note
-------+----------+-------------------------------------------
     0 | D:1      | hquester1 the Minotaur Fighter began the quest for the Orb.
     0 | D:1      | Reached XP level 1. HP: 19/19 MP: 0/0
   242 | D:1      | Reached XP level 2. HP: 18/27 MP: 1/1
   520 | D:1      | Reached skill level 1 in Dodging
   649 | D:1      | Reached XP level 3. HP: 33/33 MP: 2/2
  1245 | D:2      | Found a faded altar of an unknown god.
  1422 | D:3      | Reached skill level 1 in Stealth
  1490 | D:3      | Found a hazy altar of Hepliaklqana.
  1569 | D:3      | Found a white marble altar of Elyvilon.
  1629 | D:3      | Noticed Natasha
  1636 | D:3      | Killed Natasha
  1637 | D:3      | Reached XP level 4. HP: 40/40 MP: 3/3
  1637 | D:3      | Noticed Ijyb
  1658 | D:3      | Killed Ijyb
  1796 | D:3      | Noticed Natasha
  1802 | D:3      | Reached XP level 5. HP: 47/47 MP: 4/4
  1807 | D:3      | Killed Natasha
  1841 | D:3      | Noticed Natasha
  1997 | D:3      | Found a bloodstained altar of Trog.
  2039 | D:3      | Killed Natasha
  2218 | D:3      | Found an ornate altar of the Wu Jian Council.
  2220 | D:3      | Found a sparkling altar of Nemelex Xobeh.
  2468 | D:3      | Found a glowing silver altar of Zin.
  2558 | D:4      | Reached XP level 6. HP: 34/53 MP: 5/5
  2933 | D:4      | Reached skill level 5 in Armour
  2988 | D:4      | Reached skill level 5 in Fighting
  3154 | D:4      | Reached skill level 5 in Shields
  3199 | D:4      | Found a stormy altar of Qazlal.
  3207 | D:4      | Reached XP level 7. HP: 61/61 MP: 6/6
  3513 | D:5      | Entered Level 5 of the Dungeon
  3632 | D:5      | Reached skill level 5 in Axes
  3684 | D:5      | Reached XP level 8. HP: 20/70 MP: 7/7
  3930 | D:5      | Found Duireucu's Book Emporium.
  4668 | D:5      | Identified the +2 robe "Juose" {Int+4}
  5271 | D:6      | Found a shimmering blue altar of Sif Muna.
  5378 | D:6      | Reached skill level 5 in Dodging
  5378 | D:6      | Reached XP level 9. HP: 8/78 MP: 8/8
  6372 | D:6      | Mangled by an orc warrior

Illustrated notes

Levels and vault maps discovered:
D:1:      wander_arrival_peaceful_grave, layout_rooms, minmay_distorted
D:2:      layout_rooms, dreamdust_ecumenical_altar_sealed_demon
D:3:      layout_loops_ring, mainiacjoe_overflow_cross_hatched,
          worldfamousw_hep_ancestral_shrine, trog_three_pillars_becter,
          mainiacjoe_overflow_alcove_2, gammafunk_temple_overflow_pools,
          uniq_natasha, uniq_ijyb
D:4:      layout_rooms, nicolae_qazlal_scattered_showers,
          minmay_misc_feat_secret_circle, serial_bayou_lagoon_a,
          minmay_close_crescents
D:5:      wad_river_or_something, layout_loops_ring, serial_shops,
          nicolae_shop_hallway_stairs, columned_hall_lemuel,
          nrook_loot_triangle, dk_noncrumbling_3, kennysheep_another_room,
          minmay_a_box_with_orc_wizards_in_it
D:6:      layout_gridville, mainiacjoe_overflow_tiny_flanked

Skill      XL: |  1  2  3  4  5  6  7  8  9 |
---------------+----------------------------+-----
Dodging        | 1 2 3 5 |  5.3
Armour         | 4 5 6 7 |  7.0
Axes           | 3 4 5 6 |  6.5
Fighting       | 4 5 6 7 |  7.0
Shields        | 4 5 6 7 |  7.1
Stealth        | 1 2 3 4 |  4.2

Action                   |  1- 3 |  4- 6 |  7- 9 || total
-------------------------+-------+-------+-------++-------
Melee: War axe           |   116 |   107 |   238 ||   461
       Headbutt          |    12 |    13 |    34 ||    59
  Use: Scroll            |       |       |    14 ||    14
       Potion            |       |       |     2 ||     2
Armor: Scale mail        |    43 |    27 |    30 ||   100
       Chain mail        |       |       |    45 ||    45
Dodge: Dodged            |    40 |    30 |    50 ||   120
Block: Buckler           |    34 |       |       ||    34
       Kite shield       |    28 |    84 |   229 ||   341
       Reflection        |     2 |     2 |       ||     4

Table legend: (Time is in decaauts)
 A = Elapsed time spent in this place.
 B = Non-inter-level travel time spent in this place.
 C = Inter-level travel time spent in this place.
 D = Time resting spent in this place.
 E = Time spent auto-exploring this place.
 F = Levels seen in this place.
 G = Mean time per level.
                   A        B        C        D        E       F      G
               +--------+--------+--------+--------+--------+-----+--------+
         Total |   6581 |   6473 |    108 |    470 |   4455 |   6 | 1096.8 |
       Dungeon |   6581 |   6473 |    108 |    470 |   4455 |   6 | 1096.8 |
               +--------+--------+--------+--------+--------+-----+--------+

Top non-repeatable levels by time:
     D:5: 1799 daAuts
     D:3: 1270 daAuts
     D:6: 1145 daAuts
     D:4: 1030 daAuts
     D:1: 875 daAuts
     D:2: 460 daAuts
